[Event "Erfurt Young Masters 2017"]
[Site "Erfurt"]
[Date "2017.07.31"]
[Round "2"]
[White "Brunello, Marina"]
[Black "Rogozenco, Teodora"]
[Result "1-0"]
[ECO "C41"]
[WhiteElo "2367"]
[BlackElo "2169"]
[Annotator "NA"]
[PlyCount "49"]
[EventDate "2017.??.??"]
[EventType "tourn"]
[EventCountry "GER"]
[SourceTitle "playchess.com"]
[Source "ChessBase"]
[SourceQuality "1"]
[TimeControl "40/5400+30:900+30"]

1. e4 d6 2. d4 Nf6 3. Nc3 e5 4. Nf3 Nbd7 5. Bc4 Be7 6. O-O O-O 7. a4 a5 8. h3 h6 9. Be3 c6 10. Ba2 Qc7 11. Qd2 Re8 12. Rfe1 Nf8 13. Rad1 Ng6 14. dxe5 dxe5 15. Bxh6 gxh6 16. Qxh6 Nf8 17. Qg5+ Kh7 18. Bxf7 Rd8 19. Rxd8 Bxd8 20. Nxe5 Kh8 21. Qh6+ N6h7 22. Ng6+ Nxg6 23. Qxg6 Nf6 24. e5 Qe7 25. Qxf6+ 1-0

[Event "Erfurt Young Masters 2017"]
[Site "Erfurt"]
[Date "2017.07.31"]
[Round "2"]
[White "Pourkashiyan, Atousa"]
[Black "Szczepkowska-Horowska, Karina"]
[Result "0-1"]
[ECO "B28"]
[WhiteElo "2289"]
[BlackElo "2396"]
[Annotator "ChessBase"]
[PlyCount "92"]
[EventDate "2017.??.??"]
[EventType "tourn"]
[EventCountry "GER"]
[SourceTitle "playchess.com"]
[Source "ChessBase"]
[SourceQuality "1"]
[TimeControl "40/5400+30:900+30"]

1. e4 c5 2. Nf3 a6 3. c3 e6 4. d4 d5 5. e5 Bd7 6. a4 Nc6 7. Be2 cxd4 8. cxd4 Nge7 9. Nbd2 Nf5 10. Nb3 Rc8 11. O-O Be7 12. g4 Nh4 13. Nxh4 Bxh4 14. Nc5 Qc7 15. Be3 Be7 16. Rc1 Qb6 17. Qd2 Bxc5 18. Rxc5 Ne7 19. Rxc8+ Bxc8 20. b4 Bd7 21. b5 axb5 22. axb5 O-O 23. Ra1 Nc8 24. Qb4 Qd8 25. Ra8 h6 26. Qc5 Kh7 27. Rb8 b6 28. Qc2+ Kg8 29. Bd2 Kh8 30. Bb4 Rg8 31. Rb7 Qe8 32. Qd3 f5 33. exf6 gxf6 34. Kh1 Rg7 35. h3 Bxb5 36. Qe3 Rxb7 37. Qxh6+ Kg8 38. Bxb5 Qxb5 39. Qf8+ Kh7 40. Qxc8 Qf1+ 41. Kh2 Qxf2+ 42. Kh1 Qf1+ 43. Kh2 Qf4+ 44. Kh1 Rc7 45. Qxe6 Rc1+ 46. Be1 Qe4+ 0-1

[Event "Erfurt Young Masters 2017"]
[Site "Erfurt"]
[Date "2017.08.01"]
[Round "4"]
[White "Schneider, Jana"]
[Black "Pourkashiyan, Atousa"]
[Result "0-1"]
[ECO "B40"]
[WhiteElo "2258"]
[BlackElo "2289"]
[Annotator "ChessBase"]
[PlyCount "148"]
[EventDate "2017.??.??"]
[EventType "tourn"]
[EventCountry "GER"]
[TimeControl "40/5400+30:900+30"]

1. e4 c5 2. Nf3 e6 3. g3 Nc6 4. Bg2 Nf6 5. Qe2 e5 6. O-O Be7 7. c3 O-O 8. Na3 Re8 9. Nc2 Bf8 10. d3 h6 11. Ne3 d6 12. Bd2 Be6 13. Nh4 d5 14. exd5 Nxd5 15. Nhf5 Nf4 16. gxf4 exf4 17. Be4 fxe3 18. fxe3 Ne7 19. Kh1 Nxf5 20. Bxf5 Qd5+ 21. Be4 Qd7 22. Bg2 Rad8 23. d4 cxd4 24. cxd4 Bd5 25. a3 Re6 26. Rac1 Be7 27. Rc3 Bxg2+ 28. Qxg2 Rg6 29. Qf3 Rf6 30. Qg2 Rg6 31. Qf3 Rf6 32. Qg2 Rxf1+ 33. Qxf1 Bg5 34. Qf3 Re8 35. Qg3 Qb5 36. Bc1 Re6 37. Rc5 Qf1+ 38. Qg1 Qf3+ 39. Qg2 Qd1+ 40. Qg1 Qf3+ 41. Qg2 Qxg2+ 42. Kxg2 Bxe3 43. Bxe3 Rxe3 44. Rb5 b6 45. a4 g6 46. d5 Kf8 47. a5 bxa5 48. Rxa5 Re2+ 49. Kg3 Rxb2 50. Rxa7 Rd2 51. Ra8+ Ke7 52. Ra7+ Kf6 53. Rd7 g5 54. h3 h5 55. d6 Kg6 56. Rd8 f6 57. h4 Rd3+ 58. Kg2 g4 59. d7 Kf5 60. Kf2 Rd5 61. Rh8 Rxd7 62. Rxh5+ Kf4 63. Ra5 Rd2+ 64. Kf1 Rh2 65. Rh5 f5 66. Kg1 Ra2 67. Kf1 Ke4 68. Rg5 Rh2 69. Rh5 f4 70. Rh8 Kf3 71. Kg1 Rb2 72. Rc8 Rb1+ 73. Kh2 g3+ 74. Kh3 Rh1# 0-1

[Event "Erfurt Young Masters 2017"]
[Site "Erfurt"]
[Date "2017.08.04"]
[Round "8"]
[White "Sieber, Fiona"]
[Black "Heinemann, Josefine"]
[Result "1-0"]
[ECO "B90"]
[WhiteElo "2287"]
[BlackElo "2294"]
[Annotator "ChessBase"]
[PlyCount "71"]
[EventDate "2017.??.??"]
[EventType "tourn"]
[EventCountry "GER"]
[SourceTitle "playchess.com"]
[Source "ChessBase"]
[SourceQuality "1"]
[TimeControl "40/5400+30:900+30"]

1. e4 c5 2. Nf3 d6 3. d4 cxd4 4. Nxd4 Nf6 5. Nc3 a6 6. Be3 e5 7. Nb3 Be6 8. Qd2 Nbd7 9. f3 h5 10. O-O-O Be7 11. Kb1 Rc8 12. Bd3 b5 13. f4 Nb6 14. h3 Qc7 15. g4 b4 16. Bxb6 Qxb6 17. Nd5 Bxd5 18. exd5 e4 19. Be2 a5 20. g5 Nd7 21. Qd4 Qc7 22. Qxg7 Rf8 23. Nd4 a4 24. Bxh5 a3 25. g6 Bf6 26. gxf7+ Ke7 27. Qg4 Qc5 28. Qe6+ Kd8 29. Qe8+ Kc7 30. Ne6+ Kb6 31. Nxc5 Nxc5 32. Rhe1 Bxb2 33. Rxe4 Rcxe8 34. fxe8=Q Rxe8 35. Rxe8 Na4 36. Rd3 1-0

[Event "Erfurt Young Masters 2017"]
[Site "Erfurt"]
[Date "2017.08.04"]
[Round "8"]
[White "Osmanodja, Filiz"]
[Black "Szczepkowska-Horowska, Karina"]
[Result "1-0"]
[ECO "C77"]
[WhiteElo "2273"]
[BlackElo "2396"]
[Annotator "ChessBase"]
[PlyCount "55"]
[EventDate "2017.??.??"]
[EventType "tourn"]
[EventCountry "GER"]
[SourceTitle "playchess.com"]
[Source "ChessBase"]
[SourceQuality "1"]
[TimeControl "40/5400+30:900+30"]

1. e4 e5 2. Nf3 Nc6 3. Bb5 a6 4. Ba4 Nf6 5. d4 exd4 6. O-O b5 7. Bb3 d6 8. Ng5 Ne5 9. f4 Nc4 10. e5 dxe5 11. fxe5 h6 12. exf6 hxg5 13. Qf3 gxf6 14. Qxa8 Bd6 15. g3 Ne5 16. Nd2 d3 17. Ne4 Be7 18. Be3 Ng4 19. Nxg5 Nxe3 20. Nxf7 Qd7 21. Nxh8 Nxf1 22. Rxf1 c6 23. cxd3 Bc5+ 24. Kh1 Kd8 25. Qb8 Qh3 26. Nf7+ Ke7 27. Re1+ Kf8 28. Be6 1-0

[Event "Erfurt Young Masters 2017"]
[Site "Erfurt"]
[Date "2017.08.04"]
[Round "8"]
[White "Rogozenco, Teodora"]
[Black "Pourkashiyan, Atousa"]
[Result "0-1"]
[ECO "E32"]
[WhiteElo "2169"]
[BlackElo "2289"]
[Annotator "ChessBase"]
[PlyCount "68"]
[EventDate "2017.??.??"]
[EventType "tourn"]
[EventCountry "GER"]
[SourceTitle "playchess.com"]
[Source "ChessBase"]
[SourceQuality "1"]
[TimeControl "40/5400+30:900+30"]

1. d4 Nf6 2. c4 e6 3. Nc3 Bb4 4. Qc2 d6 5. Nf3 Nbd7 6. g3 b6 7. Bg2 Bb7 8. O-O Bxc3 9. Qxc3 O-O 10. b3 Qe7 11. Bb2 Ne4 12. Qc2 f5 13. Ne1 a5 14. a3 c5 15. e3 Rac8 16. Qe2 Ba6 17. a4 d5 18. Bxe4 fxe4 19. Ba3 Qe8 20. Rc1 Rf6 21. f3 Qh5 22. Rf2 dxc4 23. bxc4 exf3 24. Nxf3 Rcf8 25. Nd2 Qg6 26. Rxf6 Rxf6 27. Bb2 Rf7 28. Qg2 Nf8 29. d5 exd5 30. cxd5 Nd7 31. e4 Qg5 32. Re1 Ne5 33. Bc3 Nd3 34. Rf1 Qe3+ 0-1

[Event "Erfurt Young Masters 2017"]
[Site "Erfurt"]
[Date "2017.08.04"]
[Round "9"]
[White "Heinemann, Josefine"]
[Black "Osmanodja, Filiz"]
[Result "1-0"]
[ECO "B32"]
[WhiteElo "2284"]
[BlackElo "2273"]
[Annotator "NA"]
[PlyCount "77"]
[EventDate "2017.??.??"]
[EventType "tourn"]
[EventCountry "GER"]
[SourceTitle "playchess.com"]
[Source "ChessBase"]
[SourceQuality "1"]
[TimeControl "40/5400+30:900+30"]

1. e4 c5 2. Nf3 Nc6 3. d4 cxd4 4. Nxd4 e5 5. Nb5 d6 6. N1c3 a6 7. Na3 Be7 8. Nc4 b5 {[%emt 0:00:51] B32: Sicilian: Löwenthal and Kalashnikov Variations} 9. Ne3 Nf6 10. g3 O-O 11. Bg2 b4 12. Ncd5 Nxd5 13. Nxd5 Bg5 14. Bxg5 Qxg5 15. O-O Rb8 {[%emt 0:00:06] [#]} 16. h4 $146 ({Find the theoretical novelty and annotate with similar games:} 16. Qd3) 16... Qg6 (16... Qd8 $11) 17. Qd3 Kh8 18. Ne3 Rd8 19. Rfd1 Nd4 20. c3 bxc3 21. bxc3 Ne6 22. Qc4 Rb2 23. Rab1 Rxb1 24. Rxb1 Nc5 25. Rb8 Rg8 26. Qd5 $16 h5 27. Qa8 Qe6 28. Nf5 Kh7 29. Nxd6 Qxd6 30. Rxc8 Rxc8 31. Qxc8 g6 32. Qa8 Qd1+ 33. Bf1 Qe1 34. Qd5 Nxe4 35. Qxf7+ Kh6 36. Kg2 Qd2 37. Qf8+ Kh7 38. Bc4 g5 39. Bg8+ 1-0